AoeStats
← hK | RanDoM

Nomad

510014751Analyzed
4v4 RM · 4d ago on Sep 29, 2026· 26m 20s· 8 players
Game mode
Random Map
Map size
231×231
Population
200
Speed
Normal
Resources
Standard
Victory
Conquest
Starting age
Dark Age
Ending age
Imperial Age
RankedLock teamsTeams togetherTeam positionsShared explorationLock speedFull tech treeHidden civsTurbo modeCheats
Victory
Defeat
🇲🇽 Danes · Mexico
1721
+11
🇲🇽 Malay · Mexico
1664
+14
🇲🇽 Koreans · Mexico
1567
+18
🇲🇽 Spanish · Mexico
1270
+96
🇺🇸 Armenians · United States
1659
-19
🇹🇼 Berbers · Taiwan
1611
-18
🇺🇸 Varangians · United States
1597
-18
🇵🇪 Japanese · Peru
1545
-16
DS_Gabo
10:39 Loom
13:10 Feudal Age
17:53 Castle Age
16:20 Double-Bit Axe
17:42 Stone Mining
17:38 Fishing Lines
Manuel24
4:52 Loom
12:59 Feudal Age
17:36 Castle Age
16:21 Double-Bit Axe
16:41 Gold Mining
16:48 Fishing Lines
17:45 Scale Mail Armor
18:55 Wheelbarrow
21:45 Fletching
24:12 Chain Mail Armor
Jhih
4:20 Loom
13:06 Feudal Age
14:10 Double-Bit Axe
16:59 Fletching
17:54 Forging
20:13 Wheelbarrow
24:58 Castle Age
BeardyMan37
9:04 Loom
15:51 Feudal Age
20:23 Castle Age
19:07 Fletching
19:08 Double-Bit Axe
19:04 Fishing Lines
21:02 Bodkin Arrow
21:04 Gillnets
21:26 Bow Saw
hK | RanDoM
5:43 Loom
14:41 Feudal Age
18:16 Castle Age
16:35 Double-Bit Axe
17:28 Fishing Lines
19:11 Bow Saw
19:58 Gillnets
hK | triunFo
4:37 Loom
13:24 Feudal Age
17:57 Castle Age
23:27 Fletching
hK | TwisteR
5:07 Loom
13:22 Feudal Age
17:05 Castle Age
17:42 Gold Mining
19:33 Double-Bit Axe
22:15 Husbandry
hK | Agt. Smith
5:17 Loom
14:31 Feudal Age
15:24 Town Watch
18:05 Castle Age
Connection lost

Rejoining the realm…

Still unreachable

The connection could not be restored.

Session expired

The server has moved on; the page needs a fresh start.